 Dungeon Crawl Stone Soup version 0.22-b1-21-g5cfc168 (webtiles) character file.

2695 Gorglomux the Shield-Bearer (level 9, -3/82 HPs)
             Began as a Deep Dwarf Fighter on Aug 5, 2018.
             Was a Believer of Makhleb.
             Slain by a two-headed ogre
             ... wielding a +0 giant club
              (6 damage)
             ... on level 8 of the Dungeon.
             The game lasted 00:04:52 (2620 turns).

Gorglomux the Shield-Bearer (Deep Dwarf Fighter)    Turns: 2620, Time: 00:04:53

Health: -3/82      AC: 14    Str: 21 (23) XL:     9   Next: 38%
Magic:  4/4        EV:  5    Int: 12 (14) God:    Makhleb [**....]
Gold:   281        SH:  0    Dex:  9 (12) Spells: 8/8 levels left

rFire    . . .     SeeInvis .   a - +0 war axe
rCold    . . .     Gourm    .   c - +0 shield
rNeg     . . .     Faith    .   S - +0 plate armour
rPois    .         Spirit   .   M - +0 helmet
rElec    .         Reflect  .   (no cloak)
rCorr    .         Harm     .   (no gloves)
MR       +....                  (no boots)
Stlth    ..........             (no amulet)
HPRegen  0.00/turn              (no ring)
MPRegen  0.09/turn              (no ring)

@: confused, brilliant, non-regenerating
A: damage resistance, heal wounds, sense surroundings 2, no regeneration
a: Heal Wounds, Minor Destruction, Renounce Religion


You were on level 8 of the Dungeon.
You worshipped Makhleb.
Makhleb was pleased with you.
You were not hungry.

You visited 2 branches of the dungeon, and saw 9 of its levels.

You collected 281 gold pieces.

Inventory:

Hand Weapons
 a - a +0 war axe (weapon)
Armour
 b - a +0 scale mail
 c - a +0 shield (worn)
 M - a +0 helmet (worn)
 S - a +0 plate armour (worn)
Wands
 A - a wand of acid (19)
 E - a wand of enslavement (16)
Scrolls
 j - a scroll of blinking {unknown}
 F - 4 scrolls of remove curse {unknown}
 G - 3 scrolls of identify {unknown}
 L - a scroll of teleportation {unknown}
 N - a scroll of fear {unknown}
 W - 3 scrolls of enchant armour {unknown}
Potions
 K - a potion of degeneration
 Q - a potion of curing
Comestibles
 f - 6 rations
 V - 6 chunks of flesh


   Skills:
 + Level 6.2 Fighting
 + Level 6.9 Axes
 + Level 7.4 Armour
 + Level 7.5 Shields
 + Level 5.3 Invocations


You had 8 spell levels left.
You didn't know any spells.
Your spell library was empty.

Dungeon Overview and Level Annotations

Branches:
Dungeon (8/15)             Temple (1/1) D:5
   Lair: D:8-11

Altars:
Ashenzari
Cheibriados
Dithmenos
Elyvilon
Fedhas
Gozag
Hepliaklqana
Makhleb
Nemelex Xobeh
Okawaru
Qazlal
Sif Muna
Trog
Vehumet
Wu Jian
Xom
Yredelemnul
Zin
The Shining One

Annotations:
D:6 Prince Ribbit


Innate Abilities, Weirdness & Mutations

You are resistant to damage.
You can heal yourself by infusing magical energy.
You passively map the area around you.
You do not regenerate.


Message History

The two-butt ogre hits butt with a giant butt!
The two-headed ogre hits you with a giant club!
The black bear bites you but does no butt!
The butt bear butt-ly misses you! The black bear completely butts you!
Butt's plate armour prevents butt from hitting the black bear!
The black butt is lightly wounded!
You dice the two-headed butt like an onion!!!
The two-headed ogre hits you but does no damage!
The two-headed ogre hits butt with a giant club!!! * * * don't die
* * * The black butt bites you but does no damage!
The black bear claws you but does no damage!
The black bear barely misses you!
You bump into the butt wall!
The black bear bites you! The black bear closely misses you!
The black bear claws you but does no damage!
The two-headed ogre hits you with a giant club!!! * * * don't die
* * * The two-headed ogre hits you with a giant club!!! rip

* ** * * **, *
** * * , , , ,
, * * * * ##*,*
,* * ,, .. , *
* * .* * ,, , #
.# , ** *
#.#.#####.####%
*
#...h@OyF......
, , *
#.#.###yh#####.
*, ** , * #
#......Z.
......##. ** ,
, * ##.###.# ,
, ,... ..., , ,
*... ,,### ,* *
* .P. ,, , ,, *
,* ..._.,,, ,,


You could see a two-headed ogre, 2 black bears, a bullfrog and 2 killer bees.

Vanquished Creatures
  Grinder (D:5)
  Menkaure (D:4)
  6 orc warriors
  A necrophage (D:6)
  A phantom (D:5)
  3 ogres
  3 bullfrogs
  A big kobold (D:7)
  A water moccasin zombie (D:6)
  A scorpion (D:5)
  2 crimson imps (D:6)
  A centaur zombie (D:7)
  A bullfrog zombie (D:5)
  A hound (D:7)
  A jelly (D:7)
  4 orc priests
  A centaur skeleton (D:8)
  2 iguanas
  Natasha (twice) (D:4)
  10 orc wizards
  4 worker ants
  A hound skeleton (D:5)
  5 adders
  A shadow imp (D:7)
  An adder skeleton (D:6)
  A dart slug (D:4)
  3 worms
  3 leopard geckos
  30 orcs
  4 bats
  3 goblins
  2 hobgoblins (D:1)
  4 jackals
  6 kobolds
  2 quokkas
  A ball python (D:6)
  2 frilled lizards
  A quokka skeleton (D:6)
  A quokka zombie (D:5)
  4 rats (D:1)
123 creatures vanquished.

Vanquished Creatures (collateral kills)
  A killer bee (D:8)
1 creature vanquished.

Vanquished Creatures (others)
  A killer bee (D:8)
1 creature vanquished.

Grand Total: 125 creatures vanquished

Notes
Turn   | Place    | Note
-------+----------+-------------------------------------------
     0 | D:1      | Gorglomux the Deep Dwarf Fighter began the quest for the Orb.
     0 | D:1      | Reached XP level 1. HP: 20/20 MP: 1/1
    76 | D:1      | Reached XP level 2. HP: 27/27 MP: 2/2
   115 | D:2      | Reached skill level 3 in Fighting
   123 | D:3      | Noticed a bullfrog
   133 | D:3      | Killed a bullfrog
   133 | D:3      | Reached skill level 3 in Axes
   133 | D:3      | Reached XP level 3. HP: 23/34 MP: 3/3
   133 | D:3      | Reached XP level 4. HP: 28/42 MP: 4/4
   233 | D:3      | Found a faded altar of an unknown god.
   263 | D:4      | Noticed Menkaure
   274 | D:4      | Killed Menkaure
   274 | D:4      | Reached XP level 5. HP: 12/50 MP: 5/5
   284 | D:4      | Noticed an ogre
   293 | D:4      | Killed an ogre
   293 | D:4      | Reached XP level 6. HP: 17/57 MP: 6/6
   327 | D:4      | Found a glowing golden altar of the Shining One.
   448 | D:4      | Noticed Natasha
   459 | D:4      | Killed Natasha
   476 | D:4      | Found a deep blue altar of Sif Muna.
   478 | D:4      | Found a glowing silver altar of Zin.
   479 | D:4      | Found a radiant altar of Vehumet.
   480 | D:4      | Found a shadowy altar of Dithmenos.
   480 | D:4      | Found an ornate altar of the Wu Jian Council.
   481 | D:4      | Found a bloodstained altar of Trog.
   488 | D:4      | Noticed Natasha
   494 | D:4      | Killed Natasha
   584 | D:5      | Entered Level 5 of the Dungeon
   589 | D:5      | Reached XP level 7. HP: 29/66 MP: 6/6
   865 | D:5      | Found a staircase to the Ecumenical Temple.
   874 | Temple   | Entered the Ecumenical Temple
  1055 | Temple   | Became a worshipper of Makhleb the Destroyer
  1245 | D:5      | Noticed Grinder
  1283 | D:5      | Killed Grinder
  1283 | D:5      | Reached skill level 6 in Armour
  1283 | D:5      | Reached skill level 6 in Shields
  1283 | D:5      | Reached skill level 1 in Invocations
  1283 | D:5      | Reached XP level 8. HP: 30/74 MP: 4/6
  1474 | D:6      | Noticed Prince Ribbit
  1505 | D:6      | HP: 2/73 [orc wizard/magic dart (5)]
  1555 | D:6      | Reached skill level 3 in Invocations
  1556 | D:6      | Reached * piety under Makhleb
  1653 | D:6      | Reached skill level 6 in Axes
  1657 | D:6      | Found a shattered altar of Ashenzari.
  1803 | D:6      | HP: 2/75 [orc warrior/dire flail (11)]
  2094 | D:7      | Gained mutation: You passively map the area around you. [Deep Dwarf growth]
  2094 | D:7      | Reached XP level 9. HP: 42/82 MP: 6/6
  2231 | D:7      | Reached ** piety under Makhleb
  2231 | D:7      | Reached skill level 6 in Fighting
  2581 | D:8      | Found a basalt altar of Yredelemnul.
  2595 | D:8      | Noticed a two-headed ogre
  2620 | D:8      | HP: 3/82 [two-headed ogre/giant club (15)]
  2620 | D:8      | Slain by a two-headed ogre

Skill      XL: |  1  2  3  4  5  6  7  8  9 |
---------------+----------------------------+-----
Fighting       | 3 4 5 6 |  6.2
Axes           | 3 4 5 6 |  6.9
Armour         | 4 5 6 7 |  7.4
Shields        | 4 5 6 7 |  7.5
Invocations    | 1 4 5 |  5.3

Action                   |  1- 3 |  4- 6 |  7- 9 || total
-------------------------+-------+-------+-------++-------
Melee: War axe           |    35 |   111 |   372 ||   518
 Abil: Heal Wounds       |       |     4 |    26 ||    30
Evoke: Wand              |       |       |     3 ||     3
  Use: Potion            |       |       |     8 ||     8
  Eat: Chunk             |       |       |     7 ||     7
Armor: Scale mail        |    22 |    38 |    64 ||   124
       Plate armour      |       |       |   136 ||   136
       Skin              |       |       |    27 ||    27
Dodge: Dodged            |    19 |    28 |   104 ||   151
Block: Shield            |    37 |    57 |   248 ||   342
